 Dungeon Crawl Stone Soup version 0.31-a0-1068-g5939ac1fb6 (webtiles) character file.

Game seed: 5814156162692688147

30 Maratek the Trooper (level 3, -1/33 HPs)
             Began as a Draconian Fighter on Nov 23, 2023.
             Slain by a hobgoblin (2 damage)
             ... led by Robin
             ... on level 2 of the Dungeon.
             The game lasted 00:01:22 (800 turns).

Maratek the Trooper (Draconian Fighter)              Turns: 800, Time: 00:01:22

Health: -1/33      AC:  6    Str: 20    XL:     3   Next: 5%
Magic:  3/3        EV: 12    Int:  8    God:
Gold:   65         SH:  4    Dex: 10    Spells: 2/2 levels left

rFire   . . .        a - +0 trident
rCold   . . .        b - +0 buckler
rNeg    . . .        (body armour unavailable)
rPois   .            (helmet restricted)
rElec   .            (no cloak)
rCorr   .            e - +0 pair of gloves
SInv    .            (no boots)
Will    .....        (no amulet)
Stlth   +            (no ring)
HPRegen 0.25/turn    (no ring)
MPRegen 0.08/turn

%: no passive effects
@: no status effects
A: AC +5, unfitting armour, cold-blooded
a: no special abilities


You were on level 2 of the Dungeon.
You visited 1 branch of the dungeon, and saw 2 of its levels.

You collected 65 gold pieces.

Inventory:

Hand Weapons
 a - a +0 trident (weapon)
Armour
 b - a +0 buckler (worn)
 e - a +0 pair of gloves (worn)
Jewellery
 k - a ring of wizardry
Scrolls
 d - a scroll of vulnerability {unknown}
 h - a scroll of poison {unknown}
 l - a scroll of revelation {unknown}
Potions
 c - a potion of might
 f - a potion of enlightenment {unknown}
 g - 2 potions of brilliance {unknown}
 i - a potion of heal wounds {unknown}
 j - a potion of curing {unknown}


   Skills:
 + Level 3.7 Fighting
 + Level 2.4 Polearms
 + Level 3.0 Dodging
 + Level 3.3 Shields


You had 2 spell levels left.
You didn't know any spells.
Your spell library contained the following spells:

 Spells                   Type           Power      Damage    Failure   Level
 Ensorcelled Hibernation  Hex/Ice        0%         N/A       63%         2
 Jinxbite                 Hex            0%         N/A       63%         2
 Anguish                  Hex/Necr       0%         N/A       99%         4
 Simulacrum               Ice/Necr       0%         N/A       100%        6
 Ozocubu's Refrigeration  Ice            0%         4d7       100%        7
 Polar Vortex             Ice            0%         N/A       100%        9


Dungeon Overview and Level Annotations

Branches:
Dungeon (2/15)

Altars:


Innate Abilities, Weirdness & Mutations

Your plain brown scales are hard. (AC +5)
You cannot fit into any form of body armour.
You are cold-blooded and may be slowed by cold attacks.


Message History

You are too injured to fight recklessly!
You are too injured to fight recklessly!
You are too injured to fight recklessly!
You are too injured to fight recklessly!
You are too injured to fight recklessly!
You are too injured to fight recklessly!
You are too injured to fight recklessly!
You are too injured to fight recklessly!
You are too injured to fight recklessly!
You are too injured to fight recklessly!
You are too injured to fight recklessly!
Unknown command.
You are too injured to fight recklessly!
You are too injured to fight recklessly!
Unknown command.
You are too injured to fight recklessly!
The hobgoblin no longer looks unusually strong.
Robin roars a battlecry!
The hobgoblin goes into a battle-frenzy!
You closely miss Robin.
Robin is severely wounded.
The hobgoblin no longer looks unusually strong.
Robin roars a battlecry!
The hobgoblin goes into a battle-frenzy!
You hit Robin.
Robin is severely wounded.
The hobgoblin barely misses you. The hobgoblin misses you.
Robin hits you with a +0 trident.
* * * LOW HITPOINT WARNING * * *
You hit Robin but do no damage. You tail-slap Robin, but do no damage.
Robin is severely wounded.
The hobgoblin barely misses you. The hobgoblin misses you.
Robin hits you with a +0 trident.
* * * LOW HITPOINT WARNING * * *
You puncture Robin!
You kill Robin!
The hobgoblin hits you.
* * * LOW HITPOINT WARNING * * *
The hobgoblin hits you.
You die...

# .# #. #. .###
##.##. #... #...#.#
... #...... gg
#...#.##g#
#.....#g# #.)@g#
#..### #..# #))##
#...# ##..# #..#
#.###..###
#........##########


You could see 3 hobgoblins and 2 goblins.

Vanquished Creatures
  Robin (D:2)
  3 ball pythons (D:1)
  3 bats (D:1)
  3 endoplasms (D:1)
  5 goblins (D:2)
  3 hobgoblins
  A kobold (D:1)
  3 quokkas (D:1)
  2 frilled lizards (D:1)
  2 rats (D:1)
26 creatures vanquished.

Notes
Turn   | Place    | Note
-------+----------+-------------------------------------------
     0 | D:1      | Maratek the Draconian Fighter began the quest for the Orb.
     0 | D:1      | Reached XP level 1. HP: 19/19 MP: 1/1
   220 | D:1      | Reached XP level 2. HP: 25/26 MP: 2/2
   780 | D:2      | Noticed Robin
   787 | D:2      | Reached XP level 3. HP: 20/33 MP: 3/3
   800 | D:2      | Killed Robin
   800 | D:2      | HP: 1/33 [hobgoblin[Robin] (6)]
   800 | D:2      | Slain by a hobgoblin

Illustrated notes

Levels and vault maps discovered:
D:1:      mrwooster_arrival_statue_2, layout_loops_ring
D:2:      layout_loops_ring, serial_shops, shop, shop,
          nicolae_elevator_lobby_plus, uniq_robin

Skill      XL: |  1  2 |
---------------+-------+-----
Dodging        | 3 |  3.0
Fighting       | |  3.7
Polearms       | |  2.4
Shields        | |  3.3

Action                     || total
---------------------------++-------
  Melee: Trident           ||    64
         Tailslap          ||     5
   Stab: Sleeping          ||     3
 Armour: Skin              ||    31
  Dodge: Dodged            ||    30
  Block: Buckler           ||    13

Table legend: (Time is in decaauts)
 A = Elapsed time spent in this place.
 B = Non-inter-level travel time spent in this place.
 C = Inter-level travel time spent in this place.
 D = Time resting spent in this place.
 E = Time spent auto-exploring this place.
 F = Levels seen in this place.
 G = Mean time per level.
                   A        B        C        D        E       F      G
               +--------+--------+--------+--------+--------+-----+--------+
         Total |    814 |    783 |     31 |      0 |    631 |   2 |  407.0 |
       Dungeon |    814 |    783 |     31 |      0 |    631 |   2 |  407.0 |
               +--------+--------+--------+--------+--------+-----+--------+

Top non-repeatable levels by time:
     D:1: 777 daAuts
     D:2: 36 daAuts
